 Dungeon Crawl Stone Soup version 0.23.0 (webtiles) character file.

Game seed: 6313465292274452315

162254 Morbidden the Blocker (level 17, -4/133 HPs)
             Began as a Demonspawn Fighter on Feb 10, 2019.
             Was a High Priest of Okawaru.
             Slain by an eight-headed hydra (6 damage)
             ... on level 3 of the Swamp.
             The game lasted 01:41:58 (31570 turns).

Morbidden the Blocker (Demonspawn Fighter)         Turns: 31570, Time: 01:41:58

Health: -4/133     AC: 23    Str: 28    XL:     17   Next: 21%
Magic:  36/36      EV: 19    Int: 10    God:    Okawaru [*****.]
Gold:   2322       SH: 31    Dex: 23    Spells: 27/29 levels left

rFire    + . .     SeeInvis +   a - +2 scimitar (flame)
rCold    + + .     Gourm    .   x - +10 large shield of Ignorance {rN+ Int-4}
rNeg     + . .     Faith    .   t - +0 plate armour "Elaemnya" {rElec Str+3 Dex+4}
rPois    .         Spirit   .   W - +0 mask of the Dragon {MR+ Slay+3 SInv}
rElec    +         Reflect  .   s - +2 cloak of Zalumou {Int+4}
rCorr    .         Harm     .   g - +0 pair of gloves
MR       ++...     Rnd*Rage +   (boots unavailable)
Stlth    ..........             V - amulet of regeneration
HPRegen  0.72/turn              C - +6 ring of evasion
MPRegen  0.25/turn              j - ring "Hod Bal" {rC+ MP+9 Str+4 Dex+4}

@: lethally poisoned (-4 -> -4), about to teleport, studying Armour
A: talons 3, icy blue scales 3, berserk 1, fire resistance 1, spiny 3,
augmentation 1, flame cloud immunity
a: Heroism, Finesse, Renounce Religion


You were on level 3 of the Swamp.
You worshipped Okawaru.
Okawaru was extremely pleased with you.
You were not hungry.

You visited 5 branches of the dungeon, and saw 27 of its levels.
You also visited: Bailey, Ice Cave and Volcano.

You collected 3190 gold pieces.
You spent 868 gold pieces at shops.

Inventory:

Hand Weapons
 a - a +2 scimitar of flaming (weapon)
 b - a +3 rapier of electrocution
 U - a +1 demon blade of venom
Missiles
 h - 48 tomahawks (quivered)
 u - 8 poisoned javelins
 I - a throwing net
 Q - 8 javelins
Armour
 g - a +0 pair of gloves (worn)
 s - the +2 cloak of Zalumou (worn) {Int+4}
   (You found it on level 14 of the Dungeon)

   It affects your intelligence (+4).
 t - the +0 plate armour "Elaemnya" (worn) {rElec Str+3 Dex+4}
   (You bought it in a shop on level 2 of the Orcish Mines)

   It affects your strength (+3).
   It affects your dexterity (+4).
   It insulates you from electricity.
 x - the +10 large shield of Ignorance (worn) {rN+ Int-4}
   (You found it on level 2 of the Orcish Mines)

   It affects your intelligence (-4).
   It protects you from negative energy.
 W - the +0 mask of the Dragon (worn) {MR+ Slay+3 SInv}
   (You found it in an ice cave)

   It affects your accuracy and damage with ranged weapons and melee attacks
   (+3).
   It affects your resistance to hostile enchantments.
   It lets you see invisible.
Jewellery
 j - the ring "Hod Bal" (right hand) {rC+ MP+9 Str+4 Dex+4}
   (You acquired it on level 4 of the Lair of Beasts)

   [ring of magical power]

   It affects your strength (+4).
   It affects your dexterity (+4).
   It protects you from cold.
   It affects your magic capacity (+9).
 C - a +6 ring of evasion (left hand)
 V - an amulet of regeneration (around neck)
Wands
 v - a wand of iceblast (14)
 w - a wand of flame (47)
 F - a wand of enslavement (6)
 G - a wand of random effects (68)
 L - a wand of paralysis (6)
 O - a wand of scattershot (4)
 R - a wand of digging (5)
 Y - a wand of disintegration (13)
Scrolls
 c - 5 scrolls of identify
 e - a scroll of teleportation
 l - a scroll of fear
 n - a scroll of fog
 p - 2 scrolls of amnesia
 q - 4 scrolls of immolation
 r - 5 scrolls of magic mapping
 B - 7 scrolls of remove curse
 N - 2 scrolls of enchant armour
 P - a scroll of summoning
Potions
 d - 3 potions of might
 i - a potion of brilliance {unknown}
 k - a potion of haste
 m - 4 potions of cancellation
 o - 4 potions of flight
 z - 4 potions of mutation
 A - 6 potions of magic
 D - 3 potions of resistance
 E - a potion of curing
 H - a potion of heal wounds
 J - 3 potions of agility
 K - 2 potions of berserk rage {unknown}
 M - 5 potions of lignification
 S - a potion of experience
Books
 T - a manual of Armour
Miscellaneous
 y - a lamp of fire
Comestibles
 f - 29 rations


   Skills:
 * Level 11.7 Fighting
 + Level 9.1(12.2) Short Blades
 - Level 13.0(14.0) Long Blades
 + Level 0.4 Throwing
 * Level 10.2 Armour
 * Level 10.4 Dodging
 + Level 2.5 Stealth
 * Level 13.7 Shields
 * Level 6.8 Spellcasting
 + Level 5.0 Charms
 - Level 10.0 Invocations
 + Level 2.0 Evocations


You had 27 spell levels left.
You knew the following spells:

 Your Spells              Type           Power        Failure   Level  Hunger
a - Song of Slaying       Chrm           ##......     78%         2    ##.....

Your spell library contained the following spells:

 Spells                   Type           Power        Failure   Level  Hunger
 Infusion                 Chrm           ##..         65%         1    None
 Shroud of Golubria       Chrm/Tloc      #.........   98%         2    ##.....
 Animate Skeleton         Necr           N/A          100%        1    None
 Apportation              Tloc           #.....       100%        1    None
 Beastly Appendage        Tmut           #.....       100%        1    None
 Confusing Touch          Hex            #.....       100%        1    None
 Flame Tongue             Conj/Fire      #....        100%        1    None
 Magic Dart               Conj           #...         100%        1    None
 Summon Small Mammal      Summ           #...         100%        1    None
 Blink                    Tloc           N/A          100%        2    ##.....
 Call Imp                 Summ           #.......     100%        2    ##.....
 Searing Ray              Conj           #.....       100%        2    ##.....
 Slow                     Hex            #.......     100%        2    ##.....
 Sticks to Snakes         Tmut           #.......     100%        2    ##.....
 Throw Flame              Conj/Fire      #.....       100%        2    ##.....
 Call Canine Familiar     Summ           #.......     100%        3    ###....
 Conjure Flame            Conj/Fire      #.......     100%        3    ###....
 Dazzling Spray           Conj/Hex       #.....       100%        3    ###....
 Gell's Gravitas          Tloc           #.........   100%        3    ###....
 Inner Flame              Hex/Fire       #.......     100%        3    ###....
 Mephitic Cloud           Conj/Pois/Air  #.......     100%        3    ###....
 Portal Projectile        Hex/Tloc       #.....       100%        3    ###....
 Regeneration             Chrm/Necr      #.........   100%        3    ###....
 Spectral Weapon          Hex/Chrm       #.......     100%        3    ###....
 Spider Form              Tmut/Pois      #.........   100%        3    ###....
 Summon Guardian Golem    Hex/Summ       #.......     100%        3    ###....
 Force Lance              Conj/Tloc      #.......     100%        4    ####...
 Fulminant Prism          Conj/Hex       #.........   100%        4    ####...
 Ice Form                 Ice/Tmut       #.......     100%        4    ####...
 Iskenderun's Mystic Bla  Conj           #.......     100%        4    ####...
 Sticky Flame             Conj/Fire      #.......     100%        4    ####...
 Summon Ice Beast         Ice/Summ       #.......     100%        4    ####...
 Summon Lightning Spire   Summ/Air       #.......     100%        4    ####...
 Blade Hands              Tmut           #.........   100%        5    ######.
 Fireball                 Conj/Fire      #.........   100%        5    ######.
 Dispersal                Tloc           #.........   100%        6    #######
 Controlled Blink         Tloc           N/A          100%        8    #######
 Disjunction              Tloc           #.........   100%        8    #######


Dungeon Overview and Level Annotations

Branches:
Dungeon (15/15)            Temple (1/1) D:5            Lair (6/6) D:9
  Swamp (3/4) Lair:3        Snake (0/4) Lair:2        Slime (0/5) Lair:5
    Orc (2/2) D:9             Elf (0/3) Orc:2        Vaults (0/5) D:14
 Depths (0/5) D:15

Altars:
Ashenzari
Cheibriados
Dithmenos
Elyvilon
Fedhas
Gozag
Hepliaklqana
Kikubaaqudgha
Makhleb
Nemelex Xobeh
Okawaru
Qazlal
Ru
Sif Muna
Trog
Uskayaw
Vehumet
Wu Jian
Xom
Yredelemnul
Zin
The Shining One
Beogh

Shops:
D:10 *(   D:13 [   Orc:1 (   Orc:2 (=[*

Portals:
Trove: D:15 (show abyssal rune of Zot)

Annotations:
D:10 4 runed translucent doors
Orc:2 1 runed translucent door, exclusion: orange crystal statue


Innate Abilities, Weirdness & Mutations

You have claws for feet.
You are completely covered in icy blue scales. (AC +4, rC+)
Your flesh is heat resistant. (rF+)
You are completely covered in sharp spines.
Your magical and physical power is slightly enhanced at high health.
You are immune to clouds of flame.
You tend to lose your temper in combat.


Message History

You block the eight-headed hydra's attack. x3
The eight-headed hydra closely misses you.
The eight-headed hydra completely misses you.
The eight-headed hydra bites you but does no damage. x2
The eight-headed hydra misses you.
Unknown command.
Unknown command.
Unknown command.
You hit the thorn hunter but do no damage.
You claw the thorn hunter.
The thorn hunter is almost destroyed.
The briar patch crumbles away. x2
The thorn hunter fires a volley of thorns at you.
The volley of thorns hits you!!!
* * * LOW HITPOINT WARNING * * *
You block the eight-headed hydra's attack.
The eight-headed hydra bites you.
* * * LOW HITPOINT WARNING * * *
The eight-headed hydra bites you.
You die...

♣... ♣ ♣.≈≈ .♣
♣P≈P.≈ ≈♣ ♣PP.>
≈.♣♣≈ ♣≈≈.♣♣♣♣.....
≈ ♣§..♣.^.......D
♣♣..♣.D.# ...
♣....@#.# ..#.
♣♣.....f.###D....
♣♣.......P....f..#
♣..≈...###.f...#.#
♣♣≈....###..≈.(...
♣♣♣♣♣.≈......≈≈.....
♣.♣ ♣.........≈...##
♣.♣ ♣♣≈.#.#.≈.≈...#
♣§♣ ♣..#...♣.≈..^#


You could see 2 thorn hunters and an eight-headed hydra.

Vanquished Creatures
  2 thorn hunters
  Frances (D:13)
  Gastronok (Lair:3)
  A frost giant (D:11)
  An orc warlord (Orc:1)
  A fire giant (D:11)
  A stone giant (Orc:2)
  Nessos (Orc:2)
  3 ettins
  The ghost of Grohoret the Spry, a journeyman DECj of Vehumet (D:13)
  Fannar (Lair:2)
  3 ghost crabs (Swamp:2)
  An ice dragon (D:11)
  12 hydras
  5 centaur warriors
  Erica (D:8)
  3 shambling mangroves
  11 alligators
  6 two-headed ogres
  21 death yaks
  A deep troll earth mage (D:11)
  Urug (Lair:4)
  A tengu warrior (D:14)
  5 orc high priests (Orc:2)
  Nergalle (Lair:2)
  12 skeletal warriors
  4 swamp dragons
  2 unseen horrors
  A wizard (D:14)
  A necromancer (IceCv)
  4 orc knights
  2 deep elf magi
  4 ugly things
  5 orc sorcerers
  2 manticores
  3 cyclopes
  4 elephants (Lair:3)
  8 black mambas
  4 ice statues (IceCv)
  7 gargoyles
  2 torpor snails
  30 spiny frogs
  A kobold demonologist (D:14)
  A rime drake (D:13)
  13 ice devils
  A redback zombie (D:15)
  6 komodo dragons
  4 trolls
  3 polar bears
  A freezing wraith (D:11)
  2 tengu conjurers
  3 meliai (D:14)
  10 hornets
  Grinder (D:5)
  30 blink frogs
  A harpy skeleton (Volcano)
  5 bog bodies
  9 slime creatures
  6 dream sheep (Lair:4)
  9 tyrant leeches
  10 hippogriffs
  4 centaur simulacra (D:13)
  3 alligator skeletons (Volcano)
  2 spriggans
  3 flying skulls (Volcano)
  A shadow (D:11)
  2 wraiths
  A wyvern (Lair:1)
  A tarantella (shapeshifter) (D:15)
  14 humans
  3 basilisks
  36 yaks
  4 hungry ghosts
  16 vampire mosquitoes
  3 insubstantial wisps (Swamp:3)
  2 nagas (Lair:2)
  5 wargs
  5 swamp worms
  3 porcupines
  14 water moccasins
  46 orc warriors
  A hornet zombie (D:15)
  8 swamp drakes
  2 eyes of draining
  5 phantoms
  4 sky beasts
  A meliai simulacrum (D:13)
  2 ice beasts
  11 ogres
  A necrophage (D:8)
  18 centaurs
  7 crocodiles
  A big kobold (D:11)
  22 bullfrogs
  A gnoll sergeant (D:10)
  A wyvern skeleton (D:13)
  8 scorpions
  15 killer bees
  2 howler monkeys
  6 wights
  3 troll skeletons (Volcano)
  4 electric eels
  A lava snake (D:9)
  2 spriggan skeletons (Volcano)
  5 jellies
  9 crimson imps
  A quasit (D:8)
  3 centaur zombies
  2 draconian simulacra (IceCv)
  A bullfrog zombie (D:13)
  A wyvern simulacrum (D:13)
  4 hounds
  4 centaur skeletons
  28 orc priests
  Crazy Yiuf (D:5)
  35 orc wizards
  3 bullfrog skeletons
  6 worker ants
  3 spriggan simulacra (IceCv)
  4 troll simulacra (IceCv)
  A bullfrog simulacrum (D:13)
  A hound zombie (D:5)
  2 naga skeletons (Volcano)
  A howler monkey zombie (D:6)
  An ogre simulacrum (IceCv)
  A worker ant zombie (D:10)
  4 gnolls (D:10)
  11 adders
  A howler monkey skeleton (D:7)
  2 shadow imps
  2 oozes
  4 adder zombies
  An adder skeleton (D:6)
  4 worms
  2 dart slugs
  4 leopard geckos
  92 orcs
  8 giant cockroaches
  7 goblins
  10 hobgoblins
  16 jackals
  15 kobolds
  7 quokkas
  3 bats (D:2)
  A leopard gecko skeleton (D:4)
  2 leopard gecko zombies
  8 rats
912 creatures vanquished.

Vanquished Creatures (others)
  A warg (Orc:2)
  2 electric eels (D:12)
  6 briar patches (Swamp:3)
  17 fungi
  42 plants (Lair:6)
68 creatures vanquished.

Grand Total: 980 creatures vanquished

Notes
Turn   | Place    | Note
-------+----------+-------------------------------------------
     0 | D:1      | Morbidden the Demonspawn Fighter began the quest for the
                  | Orb.
     0 | D:1      | Reached XP level 1. HP: 18/18 MP: 1/1
   141 | D:1      | Gained mutation: Your flesh is heat resistant. (rF+)
                  | [demonic ancestry]
   141 | D:1      | Reached XP level 2. HP: 24/24 MP: 2/2
   465 | D:1      | Gained mutation: You are partially covered in icy blue
                  | scales. (AC +2) [demonic ancestry]
   465 | D:1      | Reached XP level 3. HP: 29/29 MP: 3/3
  1084 | D:2      | Found a blossoming altar of Fedhas.
  1153 | D:2      | Gained mutation: You are partially covered in sharp spines.
                  | [demonic ancestry]
  1153 | D:2      | Reached XP level 4. HP: 33/35 MP: 4/4
  1227 | D:2      | Found a shadowy altar of Dithmenos.
  1227 | D:2      | Found an opulent altar of Gozag.
  1440 | D:2      | Reached skill level 1 in Short Blades
  1691 | D:3      | Found a sparkling altar of Nemelex Xobeh.
  1799 | D:3      | Gained mutation: You have sharp toenails. [demonic
                  | ancestry]
  1799 | D:3      | Reached XP level 5. HP: 41/41 MP: 5/5
  2250 | D:4      | Reached skill level 1 in Dodging
  2637 | D:5      | Entered Level 5 of the Dungeon
  2685 | D:5      | Noticed a centaur
  2694 | D:5      | Killed a centaur
  2694 | D:5      | Reached XP level 6. HP: 48/48 MP: 6/6
  2730 | D:5      | Noticed Grinder
  2750 | D:5      | Paralysed by Grinder for 4 turns
  2767 | D:5      | Killed Grinder
  2767 | D:5      | Reached XP level 7. HP: 45/54 MP: 7/7
  2903 | D:5      | Found a runed translucent door.
  2904 | D:5      | Noticed Crazy Yiuf
  2928 | D:5      | Found a bloodstained altar of Trog.
  3384 | D:5      | Found a staircase to the Ecumenical Temple.
  3644 | Temple   | Entered the Ecumenical Temple
  3674 | Temple   | Became a worshipper of Warmaster Okawaru
  4071 | D:5      | Found a deep blue altar of Sif Muna.
  4133 | D:5      | Paralysed by Crazy Yiuf for 2 turns
  4137 | D:5      | Killed Crazy Yiuf
  4137 | D:5      | Gained mutation: You are immune to clouds of flame.
                  | [demonic ancestry]
  4137 | D:5      | Reached XP level 8. HP: 61/61 MP: 8/8
  4252 | D:6      | Found a shattered altar of Ashenzari.
  4348 | D:6      | Got a pitted scale mail
  4350 | D:6      | Identified the +2 scale mail "Cobac" {+Inv rPois Str+2}
                  | (You found it on level 6 of the Dungeon)
  4374 | D:6      | Reached skill level 1 in Invocations
  4495 | D:6      | Reached * piety under Okawaru
  4522 | D:6      | Reached skill level 5 in Short Blades
  4553 | D:6      | Found a hide-covered altar of Uskayaw.
  4741 | D:6      | Reached skill level 5 in Long Blades
  4835 | D:6      | Found a hazy altar of Hepliaklqana.
  5255 | D:7      | Noticed a hippogriff
  5265 | D:7      | Killed a hippogriff
  5265 | D:7      | Reached ** piety under Okawaru
  5265 | D:7      | Gained mutation: You are mostly covered in sharp spines.
                  | [demonic ancestry]
  5265 | D:7      | Reached XP level 9. HP: 49/66 MP: 8/11
  5273 | D:7      | Reached skill level 5 in Armour
  5334 | D:7      | Reached skill level 5 in Shields
  5338 | D:7      | Reached skill level 5 in Fighting
  5440 | D:7      | Found a sacrificial altar of Ru.
  5493 | D:7      | Reached *** piety under Okawaru
  5523 | D:7      | Found an iron altar of Okawaru.
  6290 | D:8      | Noticed Erica
  6304 | D:8      | Killed Erica
  6304 | D:8      | Reached **** piety under Okawaru
  6304 | D:8      | Reached skill level 5 in Dodging
  6304 | D:8      | Reached skill level 5 in Invocations
  6304 | D:8      | Gained mutation: You have razor-sharp toenails. [demonic
                  | ancestry]
  6304 | D:8      | Reached XP level 10. HP: 68/74 MP: 12/14
  6963 | D:9      | Found a staircase to the Orcish Mines.
  7044 | D:9      | Reached ***** piety under Okawaru
  7655 | D:9      | Found a staircase to the Lair.
  7983 | D:9      | Reached skill level 1 in Stealth
  8159 | D:10     | Entered Level 10 of the Dungeon
  8175 | D:10     | Found a runed translucent door.
  8270 | D:10     | Noticed a centaur warrior
  8283 | D:10     | Killed a centaur warrior
  8283 | D:10     | Received a gift from Okawaru
  8286 | D:10     | Got a shimmering hat {god gift}
  8297 | D:10     | Identified the +0 hat of Dice, Bag, and Bottle {Slay+2}
                  | (Okawaru gifted it to you on level 10 of the Dungeon)
  8325 | D:10     | Reached XP level 11. HP: 58/80 MP: 15/15
  8329 | D:10     | Found Mahaedghu's Weapon Emporium.
  8429 | D:10     | Found a runed translucent door.
  8448 | D:10     | Found a runed translucent door.
  8458 | D:10     | Found a runed translucent door.
  8596 | D:10     | Found Kumav's Elemental Accessories.
  8932 | Lair:1   | Entered Level 1 of the Lair of Beasts
  8950 | Lair:1   | Found a dark tunnel.
  8967 | Volcano  | Entered a volcano
  9155 | Volcano  | Noticed a skeletal warrior
  9234 | Volcano  | Killed a skeletal warrior
  9515 | Volcano  | Noticed a skeletal warrior
  9569 | Volcano  | Killed a skeletal warrior
  9824 | Volcano  | Received a gift from Okawaru
 10149 | Volcano  | Reached skill level 10 in Shields
 10149 | Volcano  | Gained mutation: You are mostly covered in icy blue scales.
                  | (AC +3) [demonic ancestry]
 10149 | Volcano  | Reached XP level 12. HP: 85/89 MP: 17/17
 11050 | Lair:2   | Noticed a six-headed hydra
 11060 | Lair:2   | Killed a one-headed hydra
 11060 | Lair:2   | Received a gift from Okawaru
 11159 | Lair:2   | Noticed a seven-headed hydra
 11165 | Lair:2   | Killed a seven-headed hydra
 11185 | Lair:2   | Reached XP level 13. HP: 74/96 MP: 19/19
 11269 | Lair:2   | Noticed Fannar
 11288 | Lair:2   | Killed Fannar
 11529 | Lair:2   | Found a staircase to the Snake Pit.
 11529 | Lair:2   | Noticed Nergalle
 11540 | Lair:2   | Killed Nergalle
 12543 | Lair:3   | Reached ****** piety under Okawaru
 12744 | Lair:3   | Received a gift from Okawaru
 12898 | Lair:3   | Noticed Gastronok
 12918 | Lair:3   | Killed Gastronok
 12960 | Lair:3   | Found a staircase to the Swamp.
 13567 | Lair:4   | Noticed Urug
 13578 | Lair:4   | Killed Urug
 13736 | Lair:4   | Identified 2 scrolls of acquirement
 13739 | Lair:4   | Got a slimy pewter ring
 13742 | Lair:4   | Identified the ring "Inkaab Meed" {Fire MP+9 Int+4 Slay-4
                  | SInv} (You acquired it on level 4 of the Lair of Beasts)
 13748 | Lair:4   | Got a glittering tin ring
 13749 | Lair:4   | Identified the ring "Hod Bal" {rC+ MP+9 Str+4 Dex+4} (You
                  | acquired it on level 4 of the Lair of Beasts)
 14208 | Lair:4   | Received a gift from Okawaru
 14211 | Lair:4   | Got a shadowed robe {god gift}
 14222 | Lair:4   | Identified the +3 robe "Vedaoc" {Int+5} (Okawaru gifted it
                  | to you on level 4 of the Lair of Beasts)
 14291 | Lair:4   | Reached skill level 10 in Long Blades
 14829 | Lair:5   | Found a staircase to the Slime Pits.
 15358 | Lair:5   | Learned a level 2 spell: Song of Slaying
 15555 | Lair:6   | Entered Level 6 of the Lair of Beasts
 15871 | Lair:6   | Reached skill level 1 in Charms
 15878 | Lair:5   | Gained mutation: You are completely covered in icy blue
                  | scales. (AC +4, rC+) [demonic ancestry]
 15878 | Lair:5   | Reached XP level 14. HP: 56/106 MP: 21/21
 15889 | Lair:5   | Reached skill level 10 in Invocations
 16444 | Lair:5   | Reached skill level 1 in Spellcasting
 16640 | Lair:6   | Received a gift from Okawaru
 16641 | Lair:6   | Got a slimy falchion {god gift}
 16642 | Lair:6   | Identified the +6 falchion of the Thirsty Ships {protect,
                  | *Contam rElec rC+++ Int-2} (Okawaru gifted it to you on
                  | level 6 of the Lair of Beasts)
 16680 | Lair:6   | Gained mutation: You tend to lose your temper in combat.
                  | [mutagenic glow]
 17100 | Lair:5   | Found a staircase to the Slime Pits.
 18204 | Lair:6   | Received a gift from Okawaru
 19270 | Lair:6   | Received a gift from Okawaru
 19327 | Lair:6   | Identified the +7 great sword of the Mosquito {slice, +Inv}
                  | (Okawaru gifted it to you on level 6 of the Lair of Beasts)
 19811 | D:11     | Gained mutation: You have claws for feet. [demonic
                  | ancestry]
 19811 | D:11     | Reached XP level 15. HP: 84/114 MP: 22/22
 20137 | D:11     | Noticed a fire giant
 20146 | D:11     | Killed a fire giant
 20473 | D:11     | Received a gift from Okawaru
 20486 | D:11     | Got a faintly glowing rapier {god gift}
 20494 | D:11     | Identified the +7 rapier "Tenowul" {pierce, Int+3} (Okawaru
                  | gifted it to you on level 11 of the Dungeon)
 20777 | D:11     | Noticed a frost giant
 20785 | D:11     | Killed a frost giant
 21668 | D:12     | Received a gift from Okawaru
 22171 | D:13     | Noticed Frances
 22186 | D:13     | Killed Frances
 22188 | D:13     | Reached skill level 10 in Fighting
 22267 | D:13     | Found a runed translucent gate.
 22268 | D:13     | Found a runed translucent gate.
 22269 | D:13     | Found a runed translucent gate.
 22466 | D:13     | Found Gokif's Armour Boutique.
 22937 | D:13     | Noticed Grohoret's ghost (journeyman DECj)
 23426 | D:13     | Killed Grohoret's ghost
 23426 | D:13     | Reached skill level 5 in Charms
 23430 | D:13     | Got the ring of Tidghum {Fire}
 23440 | D:13     | Identified the ring of Tidghum {Fire Str+4 Int+3 Dex-2
                  | SInv} (You found it on level 13 of the Dungeon)
 23530 | D:14     | Found a flagged portal.
 23539 | Bailey   | Entered a bailey
 24263 | Bailey   | Reached skill level 1 in Evocations
 24365 | D:14     | Received a gift from Okawaru
 24572 | D:14     | Found a gate to the Vaults.
 24730 | D:14     | Got a faintly humming cloak
 24741 | D:14     | Reached skill level 5 in Spellcasting
 24742 | D:14     | Found a shimmering altar of Xom.
 24756 | D:14     | Identified the +2 cloak of Zalumou {Int+4} (You found it on
                  | level 14 of the Dungeon)
 24921 | D:15     | Entered Level 15 of the Dungeon
 24937 | D:15     | Got a heavily runed scale mail
 24948 | D:15     | Identified the cursed +1 scale mail "Entielol" {rN+ MR+}
                  | (You found it on level 15 of the Dungeon)
 25070 | D:15     | Gained mutation: Your magical and physical power is
                  | slightly enhanced at high health. [demonic ancestry]
 25070 | D:15     | Reached XP level 16. HP: 68/123 MP: 23/23
 25079 | D:15     | Received a gift from Okawaru
 25082 | D:15     | Got a shimmering long sword {god gift}
 25084 | D:15     | Identified the +1 long sword of the Iron City of Dis {pain,
                  | rF+} (Okawaru gifted it to you on level 15 of the Dungeon)
 25386 | D:15     | Paralysed by an orc sorcerer for 5 turns
 25500 | D:15     | Found a staircase to the Depths.
 26106 | D:15     | Received a gift from Okawaru
 26308 | D:15     | Identified the +4 chain mail of the Aged Princes {-Tele rC-
                  | Str+9 Int+9} (Okawaru gifted it to you on level 15 of the
                  | Dungeon)
 26352 | D:15     | Found a portal to a secret trove of treasure.
 26642 | Orc:1    | Entered Level 1 of the Orcish Mines
 26829 | Orc:1    | Found Nougapha's Weapon Boutique.
 26916 | Orc:2    | Entered Level 2 of the Orcish Mines
 26933 | Orc:2    | Found a staircase to the Elven Halls.
 26968 | Orc:2    | Noticed Nessos
 26997 | Orc:2    | Killed Nessos
 27070 | Orc:2    | Found a frozen archway.
 27085 | IceCv    | Entered an ice cave
 27427 | IceCv    | Found the +0 mask of the Dragon {MR+ Slay+3 SInv}
 27484 | IceCv    | Reached skill level 10 in Dodging
 28191 | Orc:1    | Found a roughly hewn altar of Beogh.
 29163 | Orc:2    | Found Zuxzuntaoh's General Store.
 29164 | Orc:2    | Found Ahoulatz's Jewellery Shoppe.
 29165 | Orc:2    | Found Kecoruo's Antique Armour Shoppe.
 29165 | Orc:2    | Found Ithiw's Antique Weapon Emporium.
 29266 | Orc:2    | Found a runed translucent door.
 29282 | Orc:2    | Found the +10 large shield of Ignorance {rN+ Int-4}
 29330 | Orc:2    | Found a runed translucent door.
 29410 | Orc:2    | Bought an ichor-stained plate armour for 868 gold pieces
 29421 | Orc:2    | Identified the cursed +0 plate armour "Elaemnya" {rElec
                  | Str+3 Dex+4} (You bought it in a shop on level 2 of the
                  | Orcish Mines)
 29566 | Orc:2    | Learned a level 1 spell: Apportation
 29782 | Swamp:1  | Entered Level 1 of the Swamp
 29850 | Swamp:1  | Received a gift from Okawaru
 29853 | Swamp:1  | Identified the +2 scale mail of Okawaru's Generosity {rF+
                  | Str+4} (Okawaru gifted it to you on level 1 of the Swamp)
 30740 | Swamp:2  | Reached skill level 10 in Armour
 30815 | Swamp:2  | Noticed a thorn hunter
 30831 | Swamp:2  | Killed a thorn hunter
 30831 | Swamp:2  | Gained mutation: You are completely covered in sharp
                  | spines. [demonic ancestry]
 30831 | Swamp:2  | Reached XP level 17. HP: 131/131 MP: 26/26
 31570 | Swamp:3  | HP: 5/133 [thorn hunter/volley of thorns (40)]
 31570 | Swamp:3  | HP: 2/133 [eight-headed hydra (3)]
 31570 | Swamp:3  | Slain by an eight-headed hydra

Skill      XL: |  1  2  3  4  5  6  7  8  9 10 11 12 13 14 15 16 |
---------------+-------------------------------------------------+-----
Long Blades    | 2 3 4 5 7 8 10 11 12 13 | 13.0
Armour         | 3 4 5 6 7 8 10 | 10.2
Short Blades   | 1 2 3 4 5 6 7 8 9 |  9.1
Shields        | 3 4 5 6 10 11 12 13 | 13.7
Dodging        | 1 2 3 5 6 7 8 9 10 | 10.4
Fighting       | 4 5 6 7 8 9 10 11 | 11.7
Invocations    | 3 5 6 7 8 9 10 | 10.0
Stealth        | 1 2 |  2.5
Charms         | 1 3 5 |  5.0
Spellcasting   | 3 5 6 |  6.8
Evocations     | 1 2 |  2.0
Throwing       | |  0.4

Action                   |  1- 3 |  4- 6 |  7- 9 | 10-12 | 13-15 | 16-18 || total
-------------------------+-------+-------+-------+-------+-------+-------++-------
Melee: Long sword        |    25 |       |       |       |       |       ||    25
       Dagger            |   133 |   191 |   414 |   187 |       |       ||   925
       Kick              |       |    28 |    21 |       |   282 |   389 ||   720
       Scimitar          |       |       |       |   226 |   738 |   601 ||  1565
       Rapier            |       |       |       |    54 |   546 |    89 ||   689
Throw: Javelin           |       |       |       |       |     5 |       ||     5
       Tomahawk          |       |       |       |       |       |    10 ||    10
 Cast: Song of Slaying   |       |       |       |       |     1 |     3 ||     4
       Apportation       |       |       |       |       |       |     2 ||     2
Invok: Heroism           |       |       |     2 |     6 |    10 |     3 ||    21
       Finesse           |       |       |       |     2 |     7 |     1 ||    10
 Abil: Evoke Invisibilit |       |       |       |       |     1 |       ||     1
Evoke: Wand              |       |       |       |     1 |     2 |    10 ||    13
       Lamp of fire      |       |       |       |       |     1 |     2 ||     3
  Use: Scroll            |       |     1 |     6 |    11 |    18 |    15 ||    51
       Potion            |       |       |     4 |     9 |     8 |     2 ||    23
 Stab: Paralysed         |       |       |       |     1 |       |     1 ||     2
       Invisible         |       |       |       |     2 |     7 |       ||     9
       Sleeping          |       |       |       |       |     1 |       ||     1
  Eat: Chunk             |       |     4 |     7 |     8 |    23 |     4 ||    46
       Ration            |       |     1 |     1 |     2 |     7 |     6 ||    17
Armor: Scale mail        |    60 |    17 |    97 |   124 |   249 |    28 ||   575
       Chain mail        |       |    32 |    40 |       |       |    26 ||    98
       Plate armour      |       |       |       |       |       |    66 ||    66
Dodge: Dodged            |    33 |    21 |   104 |   203 |   645 |   260 ||  1266
Block: Shield            |    51 |    46 |   174 |   269 |   872 |   247 ||  1659
       Large shield      |       |       |       |       |       |   333 ||   333
       Rpst.: Long sword |     3 |       |       |       |       |       ||     3
       Scimitar          |       |       |       |    32 |    87 |    40 ||   159
